[Event "Titled Tuesday Blitz February 21 Late 2023"]
[White "Rasulov, Vugar"]
[Black "Jimenez Garcia, Emmanuel"]
[WhiteFideId "13402390"]
[BlackFideId "6504779"]
[WhiteElo "2523"]
[BlackElo "2410"]
[Result "1-0"]
[Round "01"]
[TimeControl "180+2"]
[Date "2023.02.21"]
[WhiteClock "0:00:06"]
[BlackClock "0:00:04"]

1. Nf3 b6 2. e4 Bb7 3. Nc3 e6 4. a3 Nf6 5. Bd3 d5 6. Qe2 Be7 7. O-O O-O 8. Re1 c5 9. exd5 Nxd5 10. Nxd5 Qxd5 11. Be4 Qxe4 12. Qxe4 Bxe4 13. Rxe4 Nc6 14. d3 Bf6 15. Rb1 Rfd8 16. b4 Nd4 17. Ne1 Nb5 18. Bb2 Bxb2 19. Rxb2 Nc3 20. Rc4 cxb4 21. axb4 Rac8 22. Rxc8 Rxc8 23. Kf1 a5 24. bxa5 bxa5 25. Rb3 a4 26. Ra3 f6 27. Nf3 Nb5 28. Ra2 Nc3 29. Ra1 Rb8 30. Ke1 Rb1+ 31. Rxb1 Nxb1 32. Kd1 a3 33. Kc1 Nc3 34. Nd2 Kf7 35. f3 Na4 36. Kb1 Nc3+ 37. Ka1 Nd1 38. g3 Ne3 39. c3 e5 40. Ka2 Nd1 41. c4 Nf2 42. Kxa3 Nxd3 43. Ka4 Ke6 44. Kb5 Kd6 45. Ne4+ Kc7 46. c5 Ne1 47. Nd6 Nxf3 48. Ne8+ Kd8 49. Nxg7 Nd4+ 50. Kc4 Nf3 51. h4 Nd2+ 52. Kd5 Nf1 53. Nf5 Kc7 54. c6 e4 55. Kxe4 Kxc6 56. g4 Kd7 57. Nd4 Ke7 58. Nb3 Kf7 59. Kf3 Nh2+ 60. Kg3 Nf1+ 61. Kf4 Kg6 62. Nd4 Nd2 63. Nf5 Nc4 64. Ne7+ Kf7 65. Nd5 Ne5 66. Kf5 Ng6 67. h5 Ne7+ 68. Ke4 Ng8 69. Ne3 Nh6 70. Kf4 Ke7 71. Nd5+ Kf7 72. Nc7 Ng8 73. Nd5 Ne7 74. Ne3 Nc6 75. Nc4 Nd4 76. Nd6+ Ke6 77. Ne8 Ne2+ 78. Kf3 Nd4+ 79. Ke4 Nc6 80. Ng7+ Kf7 81. Nf5 Ne5 82. Ne3 Nd7 83. Kf5 Nc5 84. Nd5 Ne6 85. Nxf6 Ng7+ 86. Ke5 h6 87. Ne4 Ne6 88. Nd6+ Ke7 89. Nf5+ Kf7 90. Nxh6+ Ke7 91. Kf5 Ng7+ 92. Kg6 Ne6 93. Nf5+ Kf8 94. h6 Kg8 95. g5 Nxg5 96. Kxg5 Kh8 97. Kh5 1-0


[Site "https://www.chess.com"]

[Event "Titled Tuesday Blitz February 21 Late 2023"]
[White "Becerra, Juan David"]
[Black "Perez Ponsa, Federico"]
[WhiteFideId "4404998"]
[BlackFideId "117927"]
[WhiteElo "2382"]
[BlackElo "2532"]
[Result "0-1"]
[Round "01"]
[TimeControl "180+2"]
[Date "2023.02.21"]
[WhiteClock "0:00:19"]
[BlackClock "0:00:10"]

1. d4 Nf6 2. c4 g6 3. Nc3 Bg7 4. e4 d6 5. Nf3 O-O 6. Be2 e5 7. d5 a5 8. Bg5 h6 9. Be3 Ng4 10. Bd2 f5 11. h3 Nf6 12. exf5 gxf5 13. Qc1 f4 14. g3 e4 15. Nd4 Ne8 16. Ne6 Bxe6 17. dxe6 e3 18. fxe3 f3 19. Bd3 Nc6 20. a3 Ne5 21. Qc2 f2+ 22. Ke2 Qf6 23. Be4 c6 24. Raf1 Qxe6 25. b3 Nf6 26. Bf5 Qe7 27. Rxf2 d5 28. c5 d4 29. Na4 Nd5 30. Qe4 dxe3 31. Bxe3 Rae8 32. Bh7+ Kh8 33. Rxf8+ Qxf8 34. Rf1 Nf6 35. Qg6 Nxg6 0-1


[Site "https://www.chess.com"]

[Event "Titled Tuesday Blitz February 21 Late 2023"]
[White "Anton Guijarro, David"]
[Black "ArchibaldCerveza29"]
[WhiteFideId "2285525"]
[WhiteElo "2690"]
[BlackElo "2503"]
[Result "1-0"]
[Round "01"]
[TimeControl "180+2"]
[Date "2023.02.21"]
[WhiteClock "0:01:08"]
[BlackClock "0:00:19"]

1. Nf3 d5 2. c4 e6 3. g3 Nf6 4. Bg2 Be7 5. O-O O-O 6. b3 b6 7. cxd5 exd5 8. Bb2 Bb7 9. e3 Re8 10. Nc3 c5 11. d4 Nc6 12. dxc5 bxc5 13. Rc1 Rc8 14. Na4 Ba6 15. Re1 Nb4 16. Bxf6 gxf6 17. Nc3 Nd3 18. Bf1 Nxe1 19. Bxa6 Nxf3+ 20. Qxf3 Rb8 21. Nxd5 Qd6 22. Bc4 Bd8 23. Rd1 Qe5 24. Nf4 Re7 25. Rd5 Qe4 26. Qg4+ Kf8 27. Bd3 Qb4 28. Bxh7 Re5 29. Qg8+ Ke7 30. Rxe5+ fxe5 31. Nd5+ Kd7 32. Nxb4 Rxb4 33. Qxf7+ 1-0


[Site "https://www.chess.com"]

[Event "Titled Tuesday Blitz February 21 Late 2023"]
[White "Koutlas, Nikolaos"]
[Black "Dardha, Daniel"]
[WhiteFideId "25827138"]
[BlackFideId "240990"]
[WhiteElo "2341"]
[BlackElo "2631"]
[Result "0-1"]
[Round "01"]
[TimeControl "180+2"]
[Date "2023.02.21"]
[WhiteClock "0:00:03"]
[BlackClock "0:00:17"]

1. c4 e5 2. Nc3 Nf6 3. Nf3 e4 4. Ng5 c6 5. Ngxe4 Nxe4 6. Nxe4 d5 7. cxd5 cxd5 8. Ng3 h5 9. e3 h4 10. Ne2 Nc6 11. d4 Bf5 12. Nf4 g5 13. Bd3 Qd7 14. Bxf5 Qxf5 15. Qd3 Qd7 16. Ne2 Nb4 17. Qb3 h3 18. gxh3 Qf5 19. Ng3 Nc2+ 20. Ke2 Nxa1 21. Qxb7 Qc8 22. Qxd5 Rh6 23. Bd2 Nc2 24. Rc1 Rc6 25. Qe4+ Qe6 26. d5 Qxe4 27. Nxe4 Rcc8 28. Nf6+ Kd8 29. Ba5+ Ke7 30. Ne4 Nd4+ 31. Kd1 Rxc1+ 32. Kxc1 Nf3 33. Bb4+ Kd7 34. d6 f5 35. Nf6+ Ke6 36. Nh7 Bxd6 0-1


[Site "https://www.chess.com"]

[Event "Titled Tuesday Blitz February 21 Late 2023"]
[White "Mikaelyan, Arman"]
[Black "Buchenau, Frank"]
[WhiteFideId "13304852"]
[BlackFideId "4604350"]
[WhiteElo "2523"]
[BlackElo "2222"]
[Result "1-0"]
[Round "01"]
[TimeControl "180+2"]
[Date "2023.02.21"]
[WhiteClock "0:01:01"]
[BlackClock "0:00:36"]

1. Nf3 Nf6 2. g3 b6 3. Bg2 Bb7 4. O-O e6 5. c4 Be7 6. b3 O-O 7. Bb2 d5 8. cxd5 Nxd5 9. d4 Nd7 10. Nbd2 c5 11. e4 Nb4 12. Qe2 Nc2 13. Rac1 Nxd4 14. Nxd4 cxd4 15. Bxd4 Nc5 16. Qe3 e5 17. Bxe5 Nd3 18. Bc7 Qd7 19. Rc3 Nc5 20. Bf4 Rfd8 21. Nc4 Ne6 22. Ne5 Qe8 23. Nd3 g5 24. Be5 f6 25. Bh3 Bf8 26. Bxf6 1-0


[Site "https://www.chess.com"]

[Event "Titled Tuesday Blitz February 21 Late 2023"]
[White "Kochetov, Andrey"]
[Black "Chigaev, Maksim"]
[WhiteFideId "24130532"]
[BlackFideId "4108116"]
[WhiteElo "2165"]
[BlackElo "2628"]
[Result "0-1"]
[Round "01"]
[TimeControl "180+2"]
[Date "2023.02.21"]
[WhiteClock "0:00:05"]
[BlackClock "0:00:30"]

1. e4 c5 2. Nf3 e6 3. d4 cxd4 4. Nxd4 Nf6 5. Nc3 Nc6 6. Nxc6 bxc6 7. e5 Nd5 8. Ne4 Bb7 9. f4 c5 10. Bd3 Nb6 11. Qe2 c4 12. Bxc4 Nxc4 13. Qxc4 Qh4+ 14. g3 Qh3 15. Nf2 Qg2 16. Be3 Rc8 17. Qd3 Qf3 18. Rd1 Qc6 19. c3 Be7 20. Kd2 Qa4 21. Rhe1 Qxa2 22. Qc2 O-O 23. Ra1 Qd5+ 24. Kc1 a6 25. Qd3 Qg2 26. Qxd7 Bc5 27. Bxc5 Rxc5 28. Qd4 Rd5 29. Qe3 Rfd8 30. Ra4 Qxh2 31. Ne4 Rd3 32. Qe2 Qxe2 33. Rxe2 Bxe4 34. Raxe4 Rxg3 35. c4 h5 36. c5 Rc8 37. Rc4 h4 38. Rh2 h3 39. Kc2 Rg2+ 0-1


[Site "https://www.chess.com"]

[Event "Titled Tuesday Blitz February 21 Late 2023"]
[White "Ibarra Jerez, Jose Carlos"]
[Black "Krstulovic, Alex"]
[WhiteFideId "2226332"]
[BlackFideId "760056"]
[WhiteElo "2563"]
[BlackElo "2428"]
[Result "1-0"]
[Round "01"]
[TimeControl "180+2"]
[Date "2023.02.21"]
[WhiteClock "0:00:59"]
[BlackClock "0:01:11"]

1. e4 c5 2. Nf3 Nc6 3. d4 cxd4 4. Nxd4 Nf6 5. Nc3 e5 6. Ndb5 d6 7. Bg5 a6 8. Na3 b5 9. Bxf6 gxf6 10. Nd5 f5 11. g3 Bg7 12. Bg2 fxe4 13. Bxe4 Be6 14. Qh5 Rc8 15. Rd1 Ne7 16. Nxe7 Qxe7 17. O-O h6 18. c3 O-O 19. Nc2 f5 20. Bd5 Kh8 21. Rfe1 f4 22. Bxe6 Qxe6 23. Nb4 fxg3 24. hxg3 a5 25. Nd5 Rf5 26. Qh3 Rcf8 27. Ne3 R5f6 28. Qxe6 Rxe6 29. Rd5 Rb8 30. Nf5 Bf8 31. Nd4 exd4 32. Rxe6 dxc3 33. bxc3 b4 34. cxb4 axb4 35. Ra5 b3 36. axb3 Rxb3 37. Ra8 Rf3 38. Rxh6+ Kg7 39. Rxf8 Kxf8 40. Rxd6 Kf7 41. Kg2 Rb3 42. f4 Ke7 43. Ra6 Kf7 44. Kh3 Kg7 45. Kh4 Rb5 46. g4 Rb4 47. Kg5 Rb8 48. Ra7+ Kf8 49. f5 Kg8 50. Kg6 Rf8 51. f6 Kh8 52. Rh7+ Kg8 53. f7+ 1-0


[Site "https://www.chess.com"]

[Event "Titled Tuesday Blitz February 21 Late 2023"]
[White "Hernandez Sanchez, Elvis De La Caridad"]
[Black "Swiercz, Dariusz"]
[WhiteFideId "6400353"]
[BlackFideId "1126881"]
[WhiteElo "2243"]
[BlackElo "2637"]
[Result "0-1"]
[Round "01"]
[TimeControl "180+2"]
[Date "2023.02.21"]
[WhiteClock "0:00:05"]
[BlackClock "0:00:56"]

1. d4 Nf6 2. Nf3 b6 3. e3 Bb7 4. Bd3 c5 5. O-O g6 6. c4 Bg7 7. d5 O-O 8. Nc3 d6 9. e4 e5 10. Bg5 Nbd7 11. Qd2 a6 12. a4 Bc8 13. b3 Rb8 14. Kh1 Qe8 15. Ng1 Kh8 16. Nge2 Nh5 17. Bh6 Ndf6 18. Bxg7+ Kxg7 19. f4 exf4 20. Nxf4 Nxf4 21. Qxf4 Qe5 22. Qxe5 dxe5 23. h3 a5 24. g4 Ne8 25. Kh2 Nd6 26. Nb5 Ne8 27. Kg3 Bd7 28. Rf2 Bxb5 29. axb5 Nd6 30. g5 f6 31. gxf6+ Rxf6 32. Rxf6 Kxf6 33. Kf3 Rf8 34. Ke3 Kg5 35. h4+ Kh6 36. Ra2 Kg7 37. Rg2 h5 38. Be2 Kh6 39. Rg5 Re8 40. Rg1 Re7 41. Rf1 Rf7 42. Ra1 Rf4 43. Bf3 Rxh4 44. b4 axb4 45. Ra6 b3 46. Bd1 b2 47. Bc2 Rxe4+ 48. Kd2 Rd4+ 49. Kc3 Nxc4 50. d6 Ne3 51. Rxb6 Nd5+ 0-1


[Site "https://www.chess.com"]

[Event "Titled Tuesday Blitz February 21 Late 2023"]
[White "Livaic, Leon"]
[Black "Arencibia Monduy, Antonio"]
[WhiteFideId "14531534"]
[BlackFideId "3507939"]
[WhiteElo "2579"]
[BlackElo "2122"]
[Result "1-0"]
[Round "01"]
[TimeControl "180+2"]
[Date "2023.02.21"]
[WhiteClock "0:00:58"]
[BlackClock "0:00:26"]

1. d4 Nf6 2. Bf4 e6 3. e3 d5 4. Nf3 Bd6 5. Bg3 Ne4 6. Bxd6 Qxd6 7. Nbd2 Nxd2 8. Qxd2 Nd7 9. Bd3 e5 10. dxe5 Nxe5 11. Nxe5 Qxe5 12. c3 O-O 13. O-O Bf5 14. Rfd1 Bxd3 15. Qxd3 c6 16. a4 Rfe8 17. a5 Qe4 18. Qd4 Qxd4 19. cxd4 Kf8 20. Ra4 Re7 21. Rd3 Rc8 22. g3 Rcc7 23. Kf1 Ke8 24. Ke2 Kd8 25. Kd2 Kc8 26. Ra1 Kb8 27. g4 b6 28. Rda3 Rb7 29. axb6 Rxb6 30. b3 Reb7 31. Kc3 Kc7 32. f3 a5 33. e4 Rb5 34. Re1 Kd6 35. e5+ Ke6 36. f4 g6 37. Rf1 c5 38. f5+ Ke7 39. Rd1 c4 40. bxc4 dxc4 41. Kxc4 Rb2 42. Rxa5 Rc7+ 43. Kd5 Rd7+ 44. Ke4 Rxh2 45. f6+ Ke8 46. Ra8+ Rd8 47. Rxd8+ Kxd8 48. Ra1 h5 49. gxh5 gxh5 50. Ra8+ Kd7 51. Rf8 h4 52. Rxf7+ Ke8 53. Rh7 h3 54. e6 Re2+ 55. Kd5 1-0


[Site "https://www.chess.com"]

[Event "Titled Tuesday Blitz February 21 Late 2023"]
[White "Seletsky, Grigory"]
[Black "Melkumyan, Hrant"]
[WhiteFideId "14112191"]
[BlackFideId "13302485"]
[WhiteElo "2259"]
[BlackElo "2645"]
[Result "0-1"]
[Round "01"]
[TimeControl "180+2"]
[Date "2023.02.21"]
[WhiteClock "0:00:36"]
[BlackClock "0:01:21"]

1. e4 c6 2. d4 d5 3. Nc3 dxe4 4. Nxe4 Bf5 5. Ng3 Bg6 6. Nf3 e6 7. Ne2 Nf6 8. Nf4 Bd6 9. Nxg6 hxg6 10. g3 Nbd7 11. Bg2 Qa5+ 12. c3 Qf5 13. O-O O-O-O 14. a4 Rh5 15. a5 a6 16. h4 Ne4 17. Be3 Ndf6 18. Ng5 Nxg5 19. Bxg5 Rdh8 20. Bxf6 Qxf6 21. Qf3 Rf5 22. Qe4 g5 23. hxg5 Rxg5 24. b4 Qh6 25. Rfb1 Rf5 26. f4 Bxf4 27. gxf4 Qh2+ 28. Kf2 Rxf4+ 29. Qxf4 Qxf4+ 30. Kg1 Qe3+ 31. Kf1 Rh4 0-1


[Site "https://www.chess.com"]

[Event "Titled Tuesday Blitz February 21 Late 2023"]
[White "Indjic, Aleksandar"]
[Black "reevecanada"]
[WhiteFideId "911925"]
[WhiteElo "2618"]
[BlackElo "2441"]
[Result "1-0"]
[Round "01"]
[TimeControl "180+2"]
[Date "2023.02.21"]
[WhiteClock "0:01:03"]
[BlackClock "0:00:03"]

1. e4 c5 2. Nc3 d6 3. f4 e5 4. Bc4 exf4 5. Nf3 Be6 6. d3 Nc6 7. Bxf4 Qb6 8. Nd5 Bxd5 9. exd5 Nce7 10. a4 Qxb2 11. O-O O-O-O 12. c3 Qxc3 13. Bd2 Qf6 14. Rb1 Nf5 15. Kh1 h6 16. Rxb7 Kxb7 17. Qb3+ Ka8 18. Rb1 Qe7 19. Ba6 Qc7 20. Ba5 Rb8 21. Bxc7 Rxb3 22. Rxb3 Ng3+ 23. hxg3 Ne7 24. Bb7# 1-0


[Site "https://www.chess.com"]

[Event "Titled Tuesday Blitz February 21 Late 2023"]
[White "Grot, Blazej"]
[Black "Gholami Orimi, Mahdi"]
[WhiteFideId "21835845"]
[BlackFideId "12558486"]
[WhiteElo "1990"]
[BlackElo "2420"]
[Result "0-1"]
[Round "01"]
[TimeControl "180+2"]
[Date "2023.02.21"]
[WhiteClock "0:00:39"]
[BlackClock "0:00:57"]

1. e4 c5 2. Nc3 Nc6 3. Bb5 Nd4 4. Nf3 a6 5. Bc4 g6 6. Nxd4 cxd4 7. Ne2 Bg7 8. O-O e6 9. d3 Ne7 10. f4 d5 11. exd5 Nxd5 12. Ng3 O-O 13. Qf3 Ne3 14. Bxe3 dxe3 15. f5 exf5 16. c3 Qb6 17. Qe2 Bd7 18. h4 Rae8 19. h5 Be5 20. Rf3 Bc6 21. hxg6 hxg6 22. Nxf5 Bxf3 23. gxf3 gxf5 24. Qg2+ Bg7 25. Kf1 e2+ 26. Ke1 Qxb2 0-1


[Site "https://www.chess.com"]

[Event "Titled Tuesday Blitz February 21 Late 2023"]
[White "Sanal, Vahap"]
[Black "Poeta, Caio Medeiros"]
[WhiteFideId "6300545"]
[BlackFideId "2142660"]
[WhiteElo "2600"]
[BlackElo "2088"]
[Result "1-0"]
[Round "01"]
[TimeControl "180+2"]
[Date "2023.02.21"]
[WhiteClock "0:00:13"]
[BlackClock "0:00:01"]

1. e4 c6 2. d4 d5 3. exd5 cxd5 4. Nf3 Nf6 5. c3 Nc6 6. Bd3 g6 7. h3 Bg7 8. O-O O-O 9. Re1 Bf5 10. Bf4 Rc8 11. Na3 a6 12. Nc2 Bxd3 13. Qxd3 Ne4 14. Nd2 Nxd2 15. Qxd2 e6 16. Bh6 b5 17. Bxg7 Kxg7 18. a3 a5 19. Ne3 Qb6 20. Ng4 Kh8 21. Qh6 f5 22. Nh2 Rce8 23. Nf3 Qd8 24. Ng5 Qd7 25. Re2 Nd8 26. Rae1 Rf6 27. Qh4 Rff8 28. f4 Kg8 29. Re3 Re7 30. R1e2 Rfe8 31. Qe1 h6 32. Nf3 Nf7 33. Ne5 Nxe5 34. Rxe5 Kf7 35. R2e3 Qc6 36. Kh2 Rc8 37. Qh4 h5 38. Rg3 Rg8 39. Qg5 Qc4 40. Rge3 Qb3 41. Re2 Qc4 42. Qh6 Qc8 43. R5e3 Qf8 44. Qg5 Qc8 45. Qh4 Rge8 46. b3 Qc6 47. Qg3 Qc7 48. Re5 Rg8 49. Qe3 Rge8 50. b4 a4 51. Qd3 Qc4 52. Qg3 Qb3 53. R2e3 Qxa3 54. Qg5 Qa2 55. Qh6 Rg8 56. Qh7+ Rg7 57. Qh8 Qc4 58. Qb8 a3 59. Qa8 a2 60. Re2 Qxc3 61. Qxa2 Qxd4 62. Rf2 g5 63. Qe2 gxf4 64. Qxh5+ Kf6 65. Rfe2 f3 66. Qxf3 Qxb4 67. Qe3 Qd6 68. Qh6+ Rg6 69. Qf8+ Kg5 70. g3 Qc7 71. h4+ Kh5 72. Qh8+ Rh6 73. g4+ Kxg4 74. Qxh6 Rg7 75. Rg2+ Kf3 76. Qxg7 Qxe5+ 77. Qxe5 1-0


[Site "https://www.chess.com"]

[Event "Titled Tuesday Blitz February 21 Late 2023"]
[White "Gasparyan, David"]
[Black "Kamsky, Gata"]
[WhiteFideId "13311980"]
[BlackFideId "2000024"]
[WhiteElo "2142"]
[BlackElo "2665"]
[Result "0-1"]
[Round "01"]
[TimeControl "180+2"]
[Date "2023.02.21"]
[WhiteClock "0:00:06"]
[BlackClock "0:00:36"]

1. d4 Nf6 2. Nf3 g6 3. Bf4 Bg7 4. c4 d6 5. Nc3 O-O 6. h3 Bf5 7. g4 Be6 8. e4 Bc8 9. Bd3 Nc6 10. a3 Nxd4 11. Nxd4 e5 12. Bg5 exd4 13. Nd5 c6 14. Nxf6+ Bxf6 15. Bh6 Re8 16. Qf3 d5 17. O-O dxe4 18. Bxe4 Bg5 19. Bxg5 Qxg5 20. Rfe1 Be6 21. b3 f5 22. Bd3 fxg4 23. Qg3 Rad8 24. Re5 Qf6 25. hxg4 Bd7 26. Rae1 Rxe5 27. Rxe5 Bxg4 28. c5 Kg7 29. f4 Bc8 30. Bc4 Bf5 31. Qe1 Kf8 32. Qa5 d3 33. Qc3 Qg7 34. Qd2 Qd7 35. Kf1 Qd4 36. Qf2 Qxf2+ 37. Kxf2 d2 38. Be2 d1=Q 39. Bxd1 Rxd1 40. Re3 Rd4 41. Kg3 Rd3 42. Rxd3 Bxd3 43. b4 Bf5 44. Kf3 Ke7 45. Ke3 Ke6 46. Kd4 h5 47. Ke3 h4 48. a4 Kd5 49. b5 Kxc5 50. a5 Kxb5 0-1


[Site "https://www.chess.com"]

[Event "Titled Tuesday Blitz February 21 Late 2023"]
[White "Zhigalko, Sergei"]
[Black "Chernomordik, Pavel"]
[WhiteFideId "13502956"]
[BlackFideId "2804530"]
[WhiteElo "2572"]
[BlackElo "2150"]
[Result "1-0"]
[Round "01"]
[TimeControl "180+2"]
[Date "2023.02.21"]
[WhiteClock "0:00:30"]
[BlackClock "0:00:09"]

1. e4 g6 2. d4 Bg7 3. Nc3 d6 4. Nf3 a6 5. Be3 b5 6. a4 b4 7. Ne2 Bb7 8. Ng3 Nd7 9. a5 c5 10. c3 bxc3 11. bxc3 Qc7 12. Bd3 Ngf6 13. O-O O-O 14. h3 e5 15. d5 c4 16. Bc2 Nc5 17. Nd2 Rac8 18. Qe2 Nb3 19. Bxb3 cxb3 20. c4 Nd7 21. Rfb1 Nc5 22. Nxb3 Nxb3 23. Rxb3 f5 24. exf5 gxf5 25. Nh5 f4 26. Bd2 f3 27. Qe4 Ba8 28. Rxf3 Qxc4 29. Qxc4 Rxc4 30. Rg3 Bxd5 31. Rxg7+ Kh8 32. Rd7 Rc6 33. Bh6 Be6 34. Re7 1-0


[Site "https://www.chess.com"]

[Event "Titled Tuesday Blitz February 21 Late 2023"]
[White "Mujumdar, Sameer"]
[Black "Bernadskiy, Vitaliy"]
[WhiteFideId "2029707"]
[BlackFideId "14100371"]
[WhiteElo "1992"]
[BlackElo "2592"]
[Result "0-1"]
[Round "01"]
[TimeControl "180+2"]
[Date "2023.02.21"]
[WhiteClock "0:00:47"]
[BlackClock "0:00:35"]

1. e4 c5 2. Nf3 d6 3. d4 cxd4 4. Nxd4 Nf6 5. Nc3 a6 6. h3 e5 7. Nde2 h5 8. Bg5 Nbd7 9. g3 b5 10. Bg2 Bb7 11. Nd5 Be7 12. Bxf6 Bxf6 13. Nec3 h4 14. Nxf6+ Qxf6 15. Nd5 Bxd5 16. Qxd5 Rc8 17. O-O-O Qxf2 18. Rd2 Qc5 19. Qxd6 Qxd6 20. Rxd6 hxg3 21. Rd3 Ke7 22. Rxg3 g6 23. Rd1 Nb6 24. b3 b4 25. Kb2 Rh4 26. Bf3 Rf4 27. Bg4 Rc7 28. Re3 a5 29. Rd2 a4 30. a3 axb3 31. cxb3 bxa3+ 32. Kxa3 Rc6 33. Rdd3 Rd6 34. Rxd6 Kxd6 35. Kb4 Nd5+ 0-1


[Site "https://www.chess.com"]

[Event "Titled Tuesday Blitz February 21 Late 2023"]
[White "Kravtsiv, Martyn"]
[Black "Manukyan, Sargis V."]
[WhiteFideId "14113147"]
[BlackFideId "13303465"]
[WhiteElo "2598"]
[BlackElo "2253"]
[Result "1-0"]
[Round "01"]
[TimeControl "180+2"]
[Date "2023.02.21"]
[WhiteClock "0:00:04"]
[BlackClock "0:00:14"]

1. e4 c5 2. Nf3 Nc6 3. Bb5 g6 4. O-O Bg7 5. Bxc6 dxc6 6. d3 Bg4 7. h3 Bxf3 8. Qxf3 e6 9. a4 a5 10. Na3 Ne7 11. Nc4 O-O 12. Re1 e5 13. Be3 b6 14. Qg3 Qc7 15. f4 exf4 16. Bxf4 Qb7 17. Bd6 Rfe8 18. c3 Rad8 19. Rf1 Nc8 20. Bc7 Rd7 21. Bf4 Rde7 22. Rf3 Qd7 23. Raf1 Qa7 24. Bg5 Rd7 25. Bf6 Qc7 26. Qxc7 Rxc7 27. Bxg7 Kxg7 28. Rf6 Re6 29. Rxe6 fxe6 30. Rf3 Ra7 31. Ne5 Rc7 32. c4 Nd6 33. Kf1 b5 34. cxb5 cxb5 35. axb5 Nxb5 36. Rf2 Nd4 37. Ke1 a4 38. Kd1 Rb7 39. Nc4 Rb3 40. Kd2 Rb7 41. Ke3 Nb5 42. Rf1 Nd4 43. h4 Nc2+ 44. Kd2 Nd4 45. Rh1 h5 46. Rf1 Ra7 47. Ke3 Nc2+ 48. Kd2 Nd4 49. Nd6 Rd7 50. Ne8+ Kh6 51. Rf8 Rh7 52. Kc3 Rb7 53. Kc4 Nc2 54. Rh8+ Rh7 55. Rxh7+ Kxh7 56. Kxc5 Ne3 57. g3 Nf1 58. Kd6 Nxg3 59. Kxe6 Ne2 60. e5 a3 61. bxa3 Nd4+ 62. Kf6 Nf5 63. e6 Nxh4 64. Nd6 Nf5 65. Nxf5 gxf5 66. e7 h4 67. e8=Q h3 68. Qg6+ 1-0


[Site "https://www.chess.com"]

[Event "Titled Tuesday Blitz February 21 Late 2023"]
[White "Delorme, Axel"]
[Black "Gokerkan, Cem Kaan"]
[WhiteFideId "632023"]
[BlackFideId "6336760"]
[WhiteElo "2483"]
[BlackElo "2500"]
[Result "0-1"]
[Round "01"]
[TimeControl "180+2"]
[Date "2023.02.21"]
[WhiteClock "0:00:01"]
[BlackClock "0:01:31"]

1. e4 e5 2. Nf3 Nf6 3. Nxe5 d5 4. exd5 Qxd5 5. d4 Nc6 6. Nxc6 Qxc6 7. Nc3 Bb4 8. Qe2+ Kd8 9. Qc4 Re8+ 10. Be3 Nd5 11. O-O-O Bxc3 12. bxc3 Nxc3 13. Qxc6 bxc6 14. Re1 Nxa2+ 15. Kd2 Nb4 16. Bc4 Nd5 17. Bg5+ f6 18. Rxe8+ Kxe8 19. Re1+ Kf7 20. Bf4 Be6 21. Bg3 a5 22. c3 a4 23. f3 Ra7 24. Ra1 Nb6 25. Bxe6+ Kxe6 26. Kd3 Kd5 27. Bf2 a3 28. Kc2 Kc4 29. h4 Nd5 30. h5 a2 31. g4 Nxc3 32. d5 c5 33. f4 Nxd5 34. f5 Nb4+ 35. Kd2 Ra3 36. g5 Rf3 37. h6 Rxf2+ 38. Ke3 Rxf5 39. hxg7 Rxg5 0-1


[Site "https://www.chess.com"]

[Event "Titled Tuesday Blitz February 21 Late 2023"]
[White "Grigoriants, Sergey"]
[Black "Prydun, Andriy"]
[WhiteFideId "4130804"]
[BlackFideId "14145898"]
[WhiteElo "2562"]
[BlackElo "2134"]
[Result "1/2-1/2"]
[Round "01"]
[TimeControl "180+2"]
[Date "2023.02.21"]
[WhiteClock "0:00:35"]
[BlackClock "0:00:54"]

1. d4 Nf6 2. c4 e6 3. g3 d5 4. Bg2 c6 5. Nd2 Nbd7 6. Ngf3 Be7 7. O-O O-O 8. Qc2 b6 9. e4 Bb7 10. e5 Ne8 11. cxd5 cxd5 12. Qd3 a5 13. Re1 Ba6 14. Qe3 Nb8 15. a3 Nc6 16. h4 h6 17. Bf1 Bxf1 18. Nxf1 Nc7 19. N1h2 Re8 20. Bd2 Bf8 21. h5 Rc8 22. g4 Be7 23. Kh1 Nb5 24. Rg1 Bg5 25. Nxg5 Qxg5 26. Qd3 Qh4 27. Qxb5 Nxd4 28. Qd3 Rc4 29. b3 Nxb3 30. Qxb3 Qxf2 31. Be3 Qe2 32. Ra2 a4 33. Rxe2 axb3 34. Rb2 Rc3 35. Bd4 Rd3 36. Bxb6 Rc8 37. a4 Rc2 38. Rxc2 bxc2 39. a5 d4 40. Nf3 Rd1 41. a6 1/2-1/2


[Site "https://www.chess.com"]

[Event "Titled Tuesday Blitz February 21 Late 2023"]
[White "Rengifo Blancas, Renzo Jhonathan"]
[Black "Li, Ruifeng"]
[WhiteFideId "3807185"]
[BlackFideId "2061074"]
[WhiteElo "2131"]
[BlackElo "2541"]
[Result "0-1"]
[Round "01"]
[TimeControl "180+2"]
[Date "2023.02.21"]
[WhiteClock "0:00:04"]
[BlackClock "0:00:45"]

1. e4 d6 2. d4 Nf6 3. Nc3 Nc6 4. Nf3 g6 5. d5 Nb8 6. h3 Bg7 7. Be3 O-O 8. Be2 c6 9. O-O b6 10. Qd2 Bb7 11. Rad1 Re8 12. Rfe1 Nbd7 13. Bc4 b5 14. Bb3 b4 15. Na4 Qa5 16. Bg5 cxd5 17. exd5 Nb6 18. Nxb6 axb6 19. Bh6 Bh8 20. Ng5 Rac8 21. Ne4 Nxe4 22. Rxe4 Bxb2 23. Qxb4 Bf6 24. Be3 Rb8 25. Bxb6 Qxb4 26. Rxb4 Ba6 27. a4 Bc3 28. Rb5 Bxb5 29. axb5 Rxb6 30. Rd3 Bf6 31. c4 Ra8 32. Bd1 Ra1 33. Kf1 Kg7 34. Ke2 Rc1 35. Bb3 Rc3 36. Rxc3 Bxc3 37. Kd3 Bb4 38. f4 Bc5 39. Bd1 Kf6 40. Kc2 Rb8 41. g4 g5 42. f5 Ke5 43. Kb2 Ra8 44. Bb3 Kd4 45. Bc2 Kxc4 46. f6 exf6 47. Bxh7 Kxb5 48. Bd3+ Kb4 49. Be2 Bd4+ 50. Kc2 Ra3 51. h4 gxh4 52. g5 fxg5 53. Bd3 Ra2+ 54. Kd1 Kc3 55. Bb1 Ra1 56. Ke2 Rxb1 57. Kf3 Rf1+ 58. Kg4 Rg1+ 59. Kh5 h3 60. Kh6 g4 61. Kh7 g3 62. Kg8 f5 63. Kf7 f4 64. Ke6 Be5 65. Kd7 f3 66. Kc6 f2 67. Kb5 f1=R 68. Ka4 Rb1 69. Ka3 Rg2 70. Ka4 Ra2# 0-1


[Site "https://www.chess.com"]

[Event "Titled Tuesday Blitz February 21 Late 2023"]
[White "Vakhlamov, Igor L."]
[Black "Rodriguez Fontecha, Marcos"]
[WhiteFideId "24126748"]
[BlackFideId "2256576"]
[WhiteElo "2413"]
[BlackElo "2309"]
[Result "1-0"]
[Round "01"]
[TimeControl "180+2"]
[Date "2023.02.21"]
[WhiteClock "0:00:15"]
[BlackClock "0:00:02"]

1. e4 e6 2. d4 d5 3. Nc3 h6 4. Bd3 Nc6 5. Nf3 Nb4 6. O-O Nxd3 7. Qxd3 Nf6 8. Re1 Be7 9. Bf4 c6 10. e5 Nd7 11. Ne2 c5 12. c3 b6 13. Bg3 a5 14. Qd2 Ba6 15. a3 Qc7 16. Rac1 Bc4 17. Nf4 a4 18. Qe3 b5 19. Nd2 Nb6 20. Nh5 Rg8 21. Qf3 Bg5 22. Bf4 Qe7 23. Be3 Nd7 24. g3 g6 25. Bxg5 Qxg5 26. Nf4 Qf5 27. g4 Qg5 28. Kh1 Qh4 29. Ng2 Qg5 30. Nf4 Qh4 31. Nxc4 bxc4 32. Nxd5 exd5 33. Qxd5 Ra6 34. Qxc4 Re6 35. d5 Rxe5 36. Qxa4 Kf8 37. Qxd7 Rxe1+ 38. Rxe1 Qxf2 39. Qe7+ Kg7 40. Qe2 Qf4 41. Qe5+ Qxe5 42. Rxe5 Rb8 43. b4 Ra8 44. bxc5 Rxa3 45. d6 Kf6 46. Re3 Ra6 47. d7 Ra1+ 48. Kg2 1-0


[Site "https://www.chess.com"]

[Event "Titled Tuesday Blitz February 21 Late 2023"]
[White "Nilsson, Joakim"]
[Black "Daggupati, Balaji"]
[WhiteFideId "1723383"]
[BlackFideId "2090759"]
[WhiteElo "2188"]
[BlackElo "2505"]
[Result "1-0"]
[Round "01"]
[TimeControl "180+2"]
[Date "2023.02.21"]
[WhiteClock "0:00:52"]
[BlackClock "0:01:41"]

1. d4 d5 2. Bf4 c5 3. e3 Nc6 4. Nc3 Bf5 5. Nf3 Nf6 6. dxc5 e6 7. Nb5 Rc8 8. Bd6 Nb4 9. Nfd4 a6 10. Bxf8 Kxf8 11. Nd6 Rxc5 12. Nxb7 Qb6 13. Nxc5 Qxc5 14. c3 Nc6 15. Nxf5 exf5 16. Bd3 g6 17. O-O Kg7 18. Qa4 a5 19. Rad1 Rb8 20. Qc2 Ne5 21. Be2 h5 22. Rd4 Nc6 23. Rdd1 h4 24. h3 Ne4 25. Bf3 Nf6 26. Qe2 Ne5 27. Rd2 Nc4 28. Rc2 a4 29. Rd1 Ne5 30. Rd4 a3 31. b3 Nc6 32. Rd1 Rd8 33. c4 Nb4 34. Rcd2 Ne4 35. Bxe4 fxe4 36. cxd5 Nd3 37. Rxd3 exd3 38. Qxd3 Qe7 39. e4 Qd6 40. Qd4+ Kg8 41. e5 Qa6 42. Qxh4 Rc8 43. d6 Qe2 44. Qg4 Qc2 45. e6 fxe6 46. d7 Rd8 47. Qxe6+ Kg7 48. Qe7+ Kh6 49. Rd4 Qc1+ 50. Kh2 Qc7+ 51. g3 g5 52. Rd6+ 1-0


[Site "https://www.chess.com"]